Map: Solaris LE

Players

demzi

  • Race: Zerg Zerg
  • League: Diamond
  • Spawn Location: 7:00

Dexter - Winner!

  • Race: Terran Terran
  • League: Diamond
  • Spawn Location: 1:00

VOD

Have the link to the VOD?

Description

Time

  • Played on: March 24, 2024, 6:57 p.m.
  • Length: 10:18
Show
View Real Time Build Order
Export as new Build Order

demzi Zerg 

Build Orders: Hatch First 

Get SALT Encoding   

  12  0:00  Drone  
  13  0:12  Overlord  
  13  0:19  Drone  
  14  0:31  Drone x2  
  16  0:49  Hatchery  
  15  0:53  Drone  
  15  0:56  Drone  
  17  1:00  Drone  
  18  1:10  Drone, Extractor  
  18  1:20  Spawning Pool  
  18  1:22  Drone  
  18  1:28  Drone  
  19  1:39  Drone  
  20  1:50  Overlord  
  20  2:06  Queen  
  20  2:07  Queen  
  24  2:08  Zergling x2  
  24  2:09  Zergling x2  
  24  2:12  Overlord  
  24  2:15  Drone  
  27  2:20  Metabolic Boost  
  27  2:50  Drone x6  
  32  2:54  Queen  
  34  3:08  Hatchery  
  34  3:12  Drone x2  
  35  3:19  Drone x3  
  38  3:20  Overlord  
  38  3:26  Zergling x6  
  38  3:27  Zergling x2  
  41  3:32  Queen  
  43  3:36  Overlord  
  43  3:39  Drone  
  43  3:41  Drone  
  45  3:52  Lair  
  45  3:55  Evolution Chamber  
  45  3:57  Evolution Chamber  
  45  3:59  Drone  
  45  4:00  Drone  
  45  4:02  Drone x2  
  47  4:03  Drone x2  
  47  4:04  Drone  
  47  4:07  Extractor  
  47  4:09  Extractor  
  48  4:21  Overlord  
  48  4:22  Overlord  
  48  4:29  Drone  
  48  4:30  Drone x7  
  56  4:36  Zerg Melee Weapons Level 1  
  56  4:40  Drone x2  
  56  4:44  Drone x2  
  60  4:53  Zergling x4  
  60  4:54  Zergling x6  
  60  4:56  Baneling Nest  
  60  4:57  Drone  
  65  5:15  Drone  
  65  5:16  Drone x7  
  65  5:19  Overlord  
  73  5:21  Zerg Ground Armor Level 1  
  73  5:24  Drone  
  73  5:25  Extractor, Drone  
  73  5:27  Overlord x3  
  62  5:50  Zergling x20  
  66  5:58  Centrifugal Hooks  
  66  6:03  Spore Crawler  
  65  6:05  Spore Crawler  
  65  6:06  Spore Crawler  
  65  6:08  Zergling x14  
  70  6:17  Hydralisk Den  
  57  6:28  Zergling x12  
  58  6:35  Drone x3  
  58  6:36  Drone x6  
  65  6:44  Queen  
  63  6:57  Hydralisk  
  63  6:58  Hydralisk x5  
  63  6:59  Extractor  
  74  7:11  Drone  
  74  7:12  Drone x3  
  74  7:13  Drone x2  
  80  7:18  Hatchery  
  80  7:21  Hydralisk  
  80  7:22  Hydralisk x2  
  85  7:24  Overlord  
  85  7:25  Overlord x3  
  85  7:47  Drone x7  
  85  7:48  Drone x4  
  96  7:51  Overlord  
  96  7:55  Zergling x2  
  97  8:01  Hydralisk  
  97  8:02  Hydralisk x3  
  105  8:06  Muscular Augments  
  105  8:13  Zerg Missile Weapons Level 1  
  105  8:18  Drone  
  105  8:19  Drone x8  
  114  8:22  Extractor  
  114  8:23  Extractor  
  112  8:34  Queen  
  112  8:35  Drone x3  
  112  8:36  Drone x3  
  112  8:39  Overlord x3  
  120  8:43  Zergling x2  
  120  8:45  Baneling x3  
  120  8:46  Baneling x4  
  121  8:54  Drone x2, Hatchery  
  121  8:55  Drone x2, Extractor  
  123  9:00  Zergling x16  
  131  9:04  Overlord  
  131  9:05  Overlord x3  
  131  9:10  Grooved Spines  
  131  9:22  Zergling x2  
  131  9:23  Zergling x18, Infestation Pit  
  140  9:24  Overlord x2  
  140  9:35  Zergling x2  
  140  9:36  Zergling x10  
  143  9:41  Baneling  
  143  9:42  Baneling x7  
  143  9:43  Baneling x2  
  140  9:46  Hydralisk  
  140  9:47  Hydralisk x4  
Show
View Real Time Build Order
Export as new Build Order

Dexter Terran - Winner!

Build Orders: Gas First Reaper Expand, Mech 

Get SALT Encoding   

  12  0:00  SCV  
  13  0:12  SCV  
  14  0:17  Supply Depot  
  14  0:26  Refinery  
  14  0:27  SCV  
  15  0:41  Barracks  
  15  0:47  SCV  
  16  0:59  SCV  
  17  1:11  SCV  
  18  1:27  Orbital Command  
  18  1:28  Reaper  
  19  1:46  Command Center  
  19  1:53  SCV  
  20  1:58  Supply Depot  
  20  2:05  SCV  
  21  2:11  Barracks Reactor  
  21  2:13  Refinery  
  21  2:21  SCV  
  22  2:23  Factory  
  22  2:33  SCV  
  23  2:51  SCV  
  24  3:01  Orbital Command  
  24  3:03  Barracks Tech Lab  
  24  3:04  SCV  
  25  3:11  Starport  
  25  3:17  SCV  
  26  3:28  SCV  
  26  3:29  SCV  
  26  3:30  Hellion x2  
  32  3:36  Barracks  
  32  3:39  Barracks  
  32  3:40  SCV  
  33  3:42  Factory, SCV  
  33  3:44  Armory  
  34  3:52  SCV, Supply Depot  
  34  3:53  Hellion  
  34  3:54  SCV  
  37  3:57  Viking  
  39  4:06  SCV x2  
  41  4:13  Factory  
  41  4:17  Hellion  
  41  4:18  Hellion, SCV x2  
  41  4:22  Barracks Tech Lab  
  47  4:30  SCV x2  
  49  4:33  Liberator  
  52  4:40  Supply Depot x2  
  52  4:42  SCV x2  
  54  5:01  SCV x2  
  54  5:02  Hellion x2  
  60  5:08  Supply Depot  
  60  5:09  Supply Depot  
  60  5:11  Terran Vehicle Weapons Level 1  
  60  5:15  Command Center  
  60  5:23  Thor  
  60  5:26  Hellion x2  
  66  5:37  SCV x2  
  68  5:49  Hellion, SCV  
  66  5:57  SCV  
  66  6:01  SCV, Refinery  
  66  6:03  Refinery  
  68  6:07  Hellion, Supply Depot  
  68  6:08  Supply Depot  
  68  6:09  Supply Depot  
  68  6:11  Supply Depot  
  70  6:16  SCV  
  70  6:17  SCV  
  68  6:26  Hellion x2  
  68  6:30  Thor, SCV  
  68  6:31  SCV  
  72  6:45  SCV x2  
  68  6:57  Hellion, Infernal Pre-Igniter  
  68  6:58  Orbital Command  
  68  7:00  Hellion x2  
  74  7:03  SCV x2  
  74  7:04  Barracks Tech Lab  
  74  7:07  Factory  
  76  7:09  Factory  
  76  7:16  Supply Depot  
  76  7:18  Supply Depot  
  76  7:21  Hellion x2  
  76  7:22  Smart Servos, Hellion  
  82  7:25  Command Center  
  82  7:30  Orbital Command  
  82  7:33  Barracks Reactor  
  86  7:44  Siege Tank, Hellion x2  
  86  7:45  Siege Tank  
  92  7:55  Supply Depot  
  92  7:57  Supply Depot  
  92  8:00  Supply Depot  
  92  8:05  SCV x3  
  95  8:07  Hellion x2  
  95  8:10  Engineering Bay  
  99  8:17  SCV x2  
  99  8:19  Siege Tank  
  106  8:20  Hellion  
  106  8:23  SCV  
  107  8:27  Refinery  
  107  8:28  Hellion  
  107  8:29  SCV x2, Refinery  
  111  8:35  SCV  
  111  8:38  Hellion x2  
  111  8:39  Thor, Hellion  
  124  8:41  SCV x2  
  124  8:47  Supply Depot x2  
  126  8:56  Siege Tank x2  
  132  9:05  Hellion x3  
  132  9:06  Hellion, SCV  
  141  9:17  Sensor Tower  
  141  9:19  SCV x3  
  141  9:20  Planetary Fortress  
  141  9:23  Hellion  
  146  9:28  Siege Tank  
Tags
 
Add a new tag
Caveats
  • Supply blocks, unpowered buildings, or Contaminate may cause inaccurate times.
  • Supply counts are checked every 10 seconds.